 Dungeon Crawl Stone Soup version 0.28-a0-724-g66f9036eb4 (webtiles) character file.

Game seed: 11133259676568409186

3600 Rennog the Cleaver (level 10, -1/94 HPs)
             Began as a Hill Orc Fighter on Oct 26, 2021.
             Was an Elder of Lugonu.
             Slain by an orc warrior (8 damage)
             ... on level 8 of the Dungeon.
             The game lasted 00:15:17 (11635 turns).

Rennog the Cleaver (Hill Orc Fighter)              Turns: 11635, Time: 00:15:18

Health: -1/94      AC: 10    Str: 21    XL:     10   Next: 10%
Magic:  16/16      EV:  8    Int:  8    God:    Lugonu [****..]
Gold:   396        SH:  4    Dex: 12    Spells: 9/9 levels left

rFire   + . .      SeeInvis .   a - +0 war axe
rCold   . . .      Faith    .   c - +0 buckler
rNeg    . . .      Spirit   .   r - +0 chain mail
rPois   +          Reflect  .   (no helmet)
rElec   .          Harm     .   g - +0 cloak
rCorr   .          Rampage  .   (no gloves)
Will    .....                   (no boots)
Stlth   ..........              (no amulet)
HPRegen 0.25/turn               o - ring of protection from fire
MPRegen 0.15/turn               d - ring of poison resistance

@: no status effects
A: no striking features
a: Renounce Religion, Depart the Abyss, Bend Space, Banish, Corrupt


You were on level 8 of the Dungeon.
You worshipped Lugonu.
Lugonu was greatly pleased with you.
You visited 1 branch of the dungeon, and saw 8 of its levels.
You also visited: Sewer.

You collected 396 gold pieces.

Inventory:

Hand Weapons
 a - a +0 war axe (weapon)
Armour
 c - a +0 buckler (worn)
 g - a +0 cloak (worn)
 r - a +0 chain mail (worn)
Jewellery
 d - a ring of poison resistance (right hand)
 o - a ring of protection from fire (left hand)
Wands
 b - a wand of iceblast (10)
 y - a wand of flame (17)
 C - a wand of polymorph (10)
Scrolls
 e - a scroll of magic mapping
 h - 2 scrolls of teleportation
 m - a scroll of noise {unknown}
 u - 2 scrolls of fear {unknown}
 x - a scroll of vulnerability {unknown}
 A - a scroll of immolation {unknown}
 B - 3 scrolls of identify
 D - a scroll of enchant armour {unknown}
 E - a scroll of holy word {unknown}
Potions
 f - a potion of ambrosia {unknown}
 i - 6 potions of curing
 j - 4 potions of flight
 k - 2 potions of resistance
 l - a potion of attraction {unknown}
 n - 2 potions of berserk rage {unknown}
 p - 2 potions of heal wounds {unknown}
 q - 2 potions of invisibility {unknown}
 s - 3 potions of mutation {unknown}
 t - 4 potions of haste
 v - a potion of cancellation {unknown}
 w - 3 potions of lignification {unknown}
 z - a potion of brilliance {unknown}


   Skills:
 + Level 10.8 Fighting
 + Level 11.4 Axes
 + Level 4.4 Armour
 + Level 2.0 Dodging
 - Level 3.2 Shields
 - Level 8.1 Invocations


You had 9 spell levels left.
You didn't know any spells.
Your spell library contained the following spells:

 Spells                   Type           Power      Damage    Failure   Level
 Corpse Rot               Necr/Air       0%         N/A       100%        2
 Dazzling Flash           Conj/Hex       0%         N/A       100%        3
 Dispel Undead            Necr           0%         3d6       100%        4
 Iskenderun's Mystic Bla  Conj/Tloc      0%         2d3       100%        4
 Agony                    Necr           0%         N/A       100%        5
 Silence                  Hex/Air        0%         N/A       100%        5
 Death Channel            Necr           0%         N/A       100%        6
 Starburst                Conj/Fire      0%         6d3       100%        6


Dungeon Overview and Level Annotations

Branches:
Dungeon (8/15)             Temple (0/1) D:5           Sewer (visited)
   Lair: D:8-11

Altars:
Dithmenos
Nemelex Xobeh
Vehumet
Xom
Yredelemnul
Lugonu

Annotations:
D:3 Sigmund
D:4 Dowan, Duvessa, Pikel
D:8 1 runed translucent door, insectpublic's ghost, novice MiFi


Message History

You are too injured to fight recklessly!
You are too injured to fight recklessly!
You are too injured to fight recklessly!
You are too injured to fight recklessly!
You are too injured to fight recklessly!
You are too injured to fight recklessly!
You are too injured to fight recklessly!
You are too injured to fight recklessly!
You are too injured to fight recklessly!
You are too injured to fight recklessly!
You are too injured to fight recklessly!
You are too injured to fight recklessly!
You are too injured to fight recklessly!
The orc warrior hits you with a +0 long sword.
Things that are here:
a +0 shortbow; 18 arrows Insectpublic's ghost turns its malevolent gaze towards you.
Insectpublic's ghost keens inconsolably.
You hit the orc warrior but do no damage.
The orc warrior is moderately wounded.
You block the orc warrior's attack.
You slash the orc warrior!
The orc warrior is heavily wounded.
You block the orc warrior's attack.
You slash the orc warrior!
The orc warrior is almost dead.
The orc warrior hits you with a +0 great sword!
* * * LOW HITPOINT WARNING * * *
You slice the orc warrior!!
You kill the orc warrior!
Lugonu accepts your kill.
Your Dodging skill increases to level 2!
You barely miss the orc warrior.
The orc warrior is heavily wounded.
The orc warrior hits you with a +0 long sword!
* * * LOW HITPOINT WARNING * * *
You hit the orc warrior.
The orc warrior is severely wounded.
The orc warrior hits you with a +0 long sword!
You die...

#..<.........#
#............##
#..............
#...##.#.(.....
#...##.#.......
######...#....
###..#.##.
#......#
#######@.....#
#.....o##+##....
##......#(W(#.#.#
.........##.##
#.# ....####'####
# ... ... ..
....( #......
........


You could see an orc warrior, a +4 spear of chaos and insectpublic's ghost.

Vanquished Creatures
  A wraith (D:8)
  3 yaks (D:8)
  Eustachio (D:6)
  Edmund (D:6)
  A water moccasin (D:6)
  2 ice beasts
  An orc warrior (D:8)
  2 black bears
  Purgy (Sewer)
  3 ogres
  A centaur (D:8)
  A lemure (D:3)
  A necrophage (D:7)
  A phantom (D:6)
  A kobold brigand (D:7)
  Blork the orc (D:6)
  6 scorpions
  A bullfrog (D:4)
  2 water moccasin skeletons
  4 wights
  A howler monkey (D:7)
  A bullfrog zombie (D:4)
  2 hounds
  2 jellies (D:7)
  3 centaur skeletons
  4 orc priests
  Ijyb (D:3)
  Terence (D:3)
  An iguana (D:5)
  4 orc wizards
  A hound skeleton (D:5)
  A howler monkey zombie (D:6)
  4 gnolls (D:4)
  A howler monkey skeleton (D:7)
  4 adders
  A river rat (D:4)
  2 white imps (D:6)
  4 worms
  5 dart slugs
  14 orcs
  8 ball pythons
  5 endoplasms (D:1)
  3 giant cockroaches
  4 goblins
  11 hobgoblins
  4 jackals
  16 kobolds
  3 quokkas
  7 bats
  3 frilled lizards
  3 rats
159 creatures vanquished.

Vanquished Creatures (others)
  An endoplasm (D:3)
1 creature vanquished.

Grand Total: 160 creatures vanquished

Notes
Turn   | Place    | Note
-------+----------+-------------------------------------------
     0 | D:1      | Rennog the Hill Orc Fighter began the quest for the Orb.
     0 | D:1      | Reached XP level 1. HP: 19/19 MP: 1/1
    34 | D:1      | Reached skill level 3 in Axes
    49 | D:1      | Reached XP level 2. HP: 27/27 MP: 2/2
   179 | D:1      | Found a faded altar of an unknown god.
   189 | D:1      | Prayed at the altar of an unknown god.
   189 | D:1      | Became a worshipper of Lugonu the Unformed
   189 | D:1      | Reached * piety under Lugonu
   189 | D:1      | Reached ** piety under Lugonu
   282 | D:1      | Reached XP level 3. HP: 34/34 MP: 3/3
   303 | D:1      | Reached skill level 4 in Axes
   967 | D:2      | Reached XP level 4. HP: 41/41 MP: 4/4
  1050 | D:2      | Reached skill level 5 in Fighting
  1102 | D:2      | Reached *** piety under Lugonu
  1961 | D:3      | Noticed Ijyb
  1967 | D:3      | Killed Ijyb
  1968 | D:3      | Reached skill level 5 in Axes
  1968 | D:3      | Reached skill level 1 in Invocations
  1968 | D:3      | Reached XP level 5. HP: 33/48 MP: 5/5
  2148 | D:3      | Noticed Terence
  2149 | D:3      | Noticed Sigmund
  2155 | D:3      | Killed Terence
  2177 | D:4      | Found a glowing drain.
  2198 | Sewer    | Entered a sewer
  2423 | Sewer    | Noticed Purgy
  2459 | Sewer    | HP: 2/48 [Purgy (1)]
  2462 | Sewer    | Killed Purgy
  2463 | Sewer    | Reached XP level 6. HP: 1/57 MP: 6/8
  2947 | D:4      | Reached skill level 6 in Axes
  3278 | D:4      | Reached XP level 7. HP: 56/64 MP: 9/9
  4050 | D:4      | Reached skill level 7 in Axes
  4050 | D:4      | Reached skill level 5 in Invocations
  4266 | D:4      | Found a basalt altar of Yredelemnul.
  4330 | D:4      | Noticed Duvessa
  4330 | D:4      | Noticed Dowan
  4330 | D:4      | Noticed Pikel
  4587 | D:5      | Entered Level 5 of the Dungeon
  5227 | D:3      | Reached XP level 8. HP: 43/73 MP: 10/12
  6012 | D:5      | Found a staircase to the Ecumenical Temple.
  6097 | D:5      | Reached skill level 8 in Axes
  6958 | D:6      | Found a shadowy altar of Dithmenos.
  7072 | D:6      | Noticed a two-headed ogre
  7325 | D:6      | Reached skill level 9 in Axes
  7624 | D:6      | Reached XP level 9. HP: 81/82 MP: 14/14
  7850 | D:6      | Noticed Eustachio
  7871 | D:6      | Killed Eustachio
  7902 | D:5      | Reached **** piety under Lugonu
  8540 | D:6      | Noticed Edmund
  8553 | D:6      | Killed Edmund
  8727 | D:7      | Reached skill level 10 in Axes
  9021 | D:7      | Reached skill level 10 in Fighting
  9904 | D:7      | Found a radiant altar of Vehumet.
 10345 | D:6      | Noticed Blork the orc
 10355 | D:6      | Killed Blork the orc
 10634 | D:8      | Reached skill level 11 in Axes
 10744 | D:8      | Found a sparkling altar of Nemelex Xobeh.
 10782 | D:8      | Noticed a deep elf pyromancer
 11392 | D:8      | Found a runed translucent door.
 11394 | D:8      | Found a shimmering altar of Xom.
 11394 | D:8      | Noticed insectpublic's ghost (novice MiFi)
 11394 | D:8      | Noticed a +4 spear of chaos
 11415 | D:8      | Reached skill level 1 in Dodging
 11428 | D:8      | Reached XP level 10. HP: 47/94 MP: 16/16
 11635 | D:8      | Slain by an orc warrior

Illustrated notes

Levels and vault maps discovered:
D:1:      shiori_arrival_elements, layout_rooms,
          dreamdust_ecumenical_altar_hidden_monk_grotto, st_stairs_10
D:2:      layout_basic, kennysheep_generic_room_11
D:3:      layout_basic, lemuel_coloured_pillars_altar, dk_vineyard_1, uniq_ijyb,
          uniq_sigmund, uniq_terence
D:4:      layout_layer_cave, nicolae_overflow_hidden_temple, serial_glass,
          glass_columns_b, glass_columns_b, cheibrodos_sewer_entry_sluice,
          uniq_duvessa, uniq_pikel
D:5:      layout_rooms, minmay_temple_entry_waves
D:6:      layout_basic, grunt_dithmenos_shadows, uniq_maggie, uniq_eustachio,
          uniq_edmund, uniq_blork_the_orc
D:7:      layout_layer_cave, mainiacjoe_overflow_six_doors_small
D:8:      nicolae_whirlpool, layout_basic, nemelex_diamond_rough_becter,
          ebering_ghost_xom, solitary_fountain, sword_in_stone

Skill      XL: |  1  2  3  4  5  6  7  8  9 10 |
---------------+-------------------------------+-----
Axes           | 3 4 5 6 7 9 11 | 11.4
Fighting       | 4 5 6 7 8 10 | 10.8
Invocations    | 1 2 3 5 7 8 |  8.1
Dodging        | 1 2 |  2.0
Armour         | 4 |  4.4
Shields        | |  3.2

Action                   |  1- 3 |  4- 6 |  7- 9 | 10-12 || total
-------------------------+-------+-------+-------+-------++-------
Melee: War axe           |   103 |   140 |   460 |    17 ||   720
Invok: Bend Space        |       |       |     3 |       ||     3
  Use: Potion            |       |     1 |       |       ||     1
       Scroll            |       |       |     5 |       ||     5
Armor: Scale mail        |    62 |    31 |       |       ||    93
       Chain mail        |       |    69 |   238 |     1 ||   308
Dodge: Dodged            |    58 |    69 |   175 |     6 ||   308
Block: Buckler           |    38 |    37 |    83 |     3 ||   161

Table legend: (Time is in decaauts)
 A = Elapsed time spent in this place.
 B = Non-inter-level travel time spent in this place.
 C = Inter-level travel time spent in this place.
 D = Time resting spent in this place.
 E = Time spent auto-exploring this place.
 F = Levels seen in this place.
 G = Mean time per level.
                   A        B        C        D        E       F      G
               +--------+--------+--------+--------+--------+-----+--------+
         Total |  11777 |  11096 |    681 |   2952 |   6351 |   9 | 1308.6 |
       Dungeon |  11150 |  10469 |    681 |   2662 |   6097 |   8 | 1393.8 |
         Sewer |    626 |    626 |      0 |    290 |    254 |   1 |  626.0 |
               +--------+--------+--------+--------+--------+-----+--------+

Top non-repeatable levels by time:
     D:7: 2102 daAuts
     D:3: 1991 daAuts
     D:4: 1871 daAuts
     D:6: 1801 daAuts
     D:5: 1474 daAuts
     D:1: 849 daAuts
   Sewer: 626 daAuts
     D:2: 536 daAuts
     D:8: 523 daAuts
